 Dungeon Crawl Stone Soup version 0.24.0-13-gcf9b3192b9 (webtiles) character file.

Game seed: 14516114942346791766, levelgen mode: deterministic

15420 Arthanis the Cleaver (level 12, -6/79 HPs)
             Began as a Gargoyle Berserker on Nov 7, 2019.
             Was a High Priest of Trog.
             Mangled by a two-headed ogre
             ... wielding a +0 giant club
              (11 damage)
             ... on level 11 of the Dungeon.
             The game lasted 00:21:05 (8510 turns).

Arthanis the Cleaver (Gargoyle Berserker)           Turns: 8510, Time: 00:21:06

Health: -6/79      AC: 27    Str: 23    XL:     12   Next: 26%
Magic:  15/15      EV:  4    Int: 13    God:    Trog [*****.]
Gold:   544        SH: 17    Dex:  9    Spells: 11/11 levels left

rFire    . . .     SeeInvis +   S - +4 mace (drain)
rCold    . . .     Gourm    .   o - +2 large shield
rNeg     + . .     Faith    .   X - +0 plate armour {MR+}
rPois    ∞         Spirit   .   y - +0 helmet
rElec    +         Reflect  .   J - +1 cloak
rCorr    .         Harm     .   (no gloves)
MR       +....                  G - +0 pair of boots
Stlth    ..........             (no amulet)
HPRegen  0.23/turn              Q - +2 ring of strength (curse)
MPRegen  0.14/turn              C - ring of see invisible

@: berserk cooldown, slowed, very slow
A: negative energy resistance 1, electricity resistance, unbreathing,
petrification resistance, rot immunity, AC +8
a: Berserk, Trog's Hand, Brothers in Arms, Renounce Religion


You were on level 11 of the Dungeon.
You worshipped Trog.
Trog was extremely pleased with you.
You were very hungry.

You visited 1 branch of the dungeon, and saw 11 of its levels.

You collected 730 gold pieces.
You spent 186 gold pieces at shops.

Inventory:

Hand Weapons
 a - a +0 hand axe
 d - a +0 scythe of distortion
 n - a +0 spear
 t - a +4 dagger
 F - a +0 spear
 H - a +2 dagger of venom
 I - a +1 vampiric hand axe
 S - a +4 mace of draining (weapon)
Missiles
 R - 5 throwing nets (quivered)
Armour
 b - a +0 animal skin
 j - a +0 plate armour
 o - a +2 large shield (worn)
 y - a +0 helmet (worn)
 G - a +0 pair of boots (worn)
 J - a +1 cloak (worn)
 U - a scarf of cloud immunity
 X - a +0 plate armour of magic resistance (worn)
Jewellery
 q - an uncursed ring of attention
 C - a ring of see invisible (right hand)
 O - a +2 ring of dexterity
 Q - a cursed +2 ring of strength (left hand)
Wands
 z - a wand of acid (6)
 E - a wand of enslavement (2)
 L - a wand of clouds (5)
 N - a wand of flame (23)
 T - a wand of scattershot (7)
 W - a wand of paralysis (6)
Scrolls
 e - 2 scrolls of fog
 h - a scroll of magic mapping
 l - 3 scrolls of enchant weapon
 m - 5 scrolls of remove curse
 p - 5 scrolls of teleportation
 u - a scroll of immolation
 x - a scroll of amnesia
 K - a scroll of blinking
 M - a scroll of vulnerability
 V - a scroll of fear {unknown}
Potions
 f - 4 potions of mutation
 g - 3 potions of curing
 i - 2 potions of ambrosia
 k - a potion of lignification {unknown}
 r - 3 potions of flight {unknown}
 s - 2 potions of berserk rage
 v - a potion of brilliance {unknown}
 w - 2 potions of might
 A - 2 potions of haste
 B - a potion of invisibility {unknown}
 D - 2 potions of agility
Comestibles
 c - 13 rations
 P - 4 chunks of flesh


   Skills:
 + Level 10.9 Fighting
 * Level 12.4 Axes
 - Level 8.0 Armour
 - Level 4.0 Dodging
 - Level 5.0 Shields
 - Level 4.3 Evocations


You had 11 spell levels left.
You didn't know any spells.
Your spell library contained the following spells:

 Spells                   Type           Power        Failure   Level  Hunger
 Beastly Appendage        Tmut           #.....       100%        1    ##.....
 Sting                    Conj/Pois      #...         100%        1    ##.....
 Poisonous Vapours        Pois/Air       #.....       100%        2    ###....
 Sticks to Snakes         Tmut           #.......     100%        2    ###....
 Mephitic Cloud           Conj/Pois/Air  #.......     100%        3    ####...
 Spider Form              Tmut/Pois      #.........   100%        3    ####...
 Ice Form                 Ice/Tmut       #.......     100%        4    #####..
 Olgreb's Toxic Radiance  Pois           #.......     100%        4    #####..
 Blade Hands              Tmut           #.........   100%        5    ######.
 Venom Bolt               Conj/Pois      #.........   100%        5    ######.


Dungeon Overview and Level Annotations

Branches:
Dungeon (11/15)            Temple (0/1) D:4            Lair (0/6) D:8
    Orc (0/2) D:11

Altars:
Cheibriados
Dithmenos
Gozag
Makhleb
Okawaru
Sif Muna
Trog
Vehumet
Zin

Shops:
D:4 *

Annotations:
D:10 exclusion: ice statue


Innate Abilities, Weirdness & Mutations

You are resistant to torment.
Your stone body is resilient. (AC +8)
You are immune to poison.
You resist negative energy. (rN+)
You are resistant to electric shocks. (rElec)
You can survive without breathing.
You are immune to petrification.
You are immune to rotting.


Message History

You hit the seven-headed hydra. You drain the seven-headed hydra.
The seven-headed hydra is almost dead.
The seven-headed hydra bites you but does no damage. x4
You block the seven-headed hydra's attack. x2
The seven-headed hydra bites you but does no damage.
The two-headed ogre hits you but does no damage.
The two-headed ogre hits you with a +0 giant spiked club.
* * * LOW HITPOINT WARNING * * *
The seven-headed hydra bites you.
* * * LOW HITPOINT WARNING * * *
You block the seven-headed hydra's attack. x2
The seven-headed hydra bites you.
* * * LOW HITPOINT WARNING * * *
The seven-headed hydra bites you but does no damage.
The seven-headed hydra bites you.
* * * LOW HITPOINT WARNING * * *
The seven-headed hydra bites you.
* * * LOW HITPOINT WARNING * * *
The two-headed ogre hits you with a +0 giant club!
You die...

#.# #.#
#.#######
#........
#........
#.#######
#.#
#.##########
#...@O......
#....D......
############


You could see a seven-headed hydra and a two-headed ogre.

Vanquished Creatures
  Harold (D:9)
  8 two-headed ogres
  A cyclops (D:8)
  A gargoyle (D:11)
  A troll (D:9)
  Grinder (D:4)
  3 hippogriffs
  Sigmund (D:5)
  A wyvern (D:11)
  10 yaks
  A human (D:9)
  2 hungry ghosts
  2 wargs (D:11)
  A water moccasin (D:11)
  2 ice beasts
  3 sky beasts
  3 orc warriors
  A black bear (D:10)
  An eye of draining (D:10)
  A necrophage (D:10)
  4 ogres
  4 phantoms
  3 centaurs
  A crocodile (D:11)
  6 bullfrogs
  A wyvern skeleton (D:10)
  4 scorpions
  2 water moccasin skeletons
  12 killer bees (D:10)
  6 wights
  4 electric eels (D:7)
  4 crimson imps
  2 centaur zombies (D:8)
  A jelly (D:6)
  7 orc priests
  2 centaur skeletons
  7 hounds
  2 iguanas
  5 worker ants
  9 orc wizards
  2 hound zombies (D:11)
  A hound skeleton (D:10)
  16 adders
  14 gnolls
  3 shadow imps
  An ooze (D:6)
  An adder skeleton (D:6)
  A worm (D:3)
  4 dart slugs
  4 leopard geckos
  36 orcs
  2 ball pythons
  4 bats
  7 giant cockroaches
  9 goblins
  5 hobgoblins
  2 quokkas
  2 frilled lizards
  7 kobolds
  A leopard gecko skeleton (D:8)
  3 quokka skeletons (D:4)
  4 rats
  A plant (D:2)
261 creatures vanquished.

Vanquished Creatures (others)
  A bush (D:2)
  2 plants
3 creatures vanquished.

Grand Total: 264 creatures vanquished

Notes
Turn   | Place    | Note
-------+----------+-------------------------------------------
     0 | D:1      | Arthanis the Gargoyle Berserker began the quest for the
                  | Orb.
     0 | D:1      | Reached XP level 1. HP: 14/14 MP: 1/1
   227 | D:1      | Reached XP level 2. HP: 15/19 MP: 2/2
   335 | D:1      | Reached skill level 3 in Axes
   703 | D:2      | Reached XP level 3. HP: 23/23 MP: 3/3
  1090 | D:2      | Found a glowing silver altar of Zin.
  1132 | D:2      | Reached ** piety under Trog
  1171 | D:2      | Found a bloodstained altar of Trog.
  1851 | D:3      | Reached skill level 1 in Shields
  1851 | D:3      | Reached XP level 4. HP: 28/29 MP: 4/4
  2188 | D:3      | Reached XP level 5. HP: 33/33 MP: 5/5
  2271 | D:3      | Reached skill level 4 in Axes
  2418 | D:4      | Reached XP level 6. HP: 35/38 MP: 6/6
  2425 | D:4      | Found Rinnet's General Store.
  2532 | D:4      | Found an opulent altar of Gozag.
  2579 | D:4      | Noticed Grinder
  2598 | D:4      | Paralysed by Grinder for 4 turns
  2622 | D:4      | Paralysed by Grinder for 2 turns
  2640 | D:4      | Killed Grinder
  2640 | D:4      | Reached XP level 7. HP: 35/44 MP: 7/7
  2664 | D:4      | Bought a scroll of remove curse for 33 gold pieces
  2664 | D:4      | Bought a scroll of identify for 22 gold pieces
  2664 | D:4      | Bought a scroll of immolation for 38 gold pieces
  2664 | D:4      | Bought a scroll of amnesia for 38 gold pieces
  2664 | D:4      | Bought a potion of berserk rage for 55 gold pieces
  2710 | D:4      | Reached skill level 5 in Axes
  2749 | D:4      | Found a staircase to the Ecumenical Temple.
  2815 | D:4      | Reached skill level 5 in Fighting
  2868 | D:4      | Found a shadowy altar of Dithmenos.
  3106 | D:4      | Found a bloodstained altar of Trog.
  3106 | D:4      | Found a shimmering blue altar of Sif Muna.
  3138 | D:5      | Entered Level 5 of the Dungeon
  3163 | D:5      | Noticed Sigmund
  3178 | D:5      | Killed Sigmund
  3178 | D:5      | Reached XP level 8. HP: 49/49 MP: 8/8
  3910 | D:6      | Reached skill level 6 in Axes
  3910 | D:6      | Reached skill level 1 in Evocations
  4062 | D:6      | Reached skill level 5 in Armour
  4066 | D:6      | Reached *** piety under Trog
  4114 | D:6      | Found an iron altar of Okawaru.
  4161 | D:6      | Reached XP level 9. HP: 42/55 MP: 10/10
  4620 | D:6      | Found a snail-covered altar of Cheibriados.
  4687 | D:7      | Received a gift from Trog
  4897 | D:7      | Reached skill level 7 in Axes
  4938 | D:7      | Reached skill level 5 in Shields
  5740 | D:8      | Reached **** piety under Trog
  5889 | D:8      | Noticed a two-headed ogre
  5907 | D:8      | Killed a two-headed ogre
  5907 | D:8      | Reached skill level 8 in Axes
  5907 | D:8      | Reached XP level 10. HP: 63/63 MP: 12/12
  5976 | D:8      | Found a burning altar of Makhleb.
  6053 | D:8      | Found a staircase to the Lair.
  6200 | D:8      | Noticed a two-headed ogre
  6213 | D:8      | Killed a two-headed ogre
  6287 | D:8      | Noticed a two-headed ogre
  6299 | D:8      | Killed a two-headed ogre
  6299 | D:8      | Reached skill level 9 in Axes
  6353 | D:8      | Found a radiant altar of Vehumet.
  6499 | D:8      | Noticed a cyclops
  6529 | D:8      | Killed a cyclops
  6658 | D:9      | Noticed a two-headed ogre
  6666 | D:9      | Killed a two-headed ogre
  6666 | D:9      | Reached XP level 11. HP: 69/69 MP: 14/14
  6823 | D:9      | Noticed Harold
  6826 | D:9      | Reached skill level 10 in Axes
  6847 | D:9      | Killed Harold
  7016 | D:9      | Noticed a two-headed ogre
  7028 | D:9      | Killed a two-headed ogre
  7279 | D:10     | Entered Level 10 of the Dungeon
  7339 | D:10     | Reached skill level 11 in Axes
  7482 | D:10     | Reached ***** piety under Trog
  7622 | D:10     | Noticed a two-headed ogre
  7649 | D:10     | Killed a two-headed ogre
  7649 | D:10     | Reached skill level 10 in Fighting
  7892 | D:10     | Noticed a two-headed ogre
  7920 | D:10     | Killed a two-headed ogre
  7957 | D:11     | Found a staircase to the Orcish Mines.
  7991 | D:11     | Reached XP level 12. HP: 70/78 MP: 15/15
  8208 | D:11     | Reached skill level 12 in Axes
  8439 | D:11     | Noticed a two-headed ogre
  8453 | D:11     | Killed a two-headed ogre
  8492 | D:11     | Noticed a two-headed ogre
  8494 | D:11     | Noticed a seven-headed hydra
  8510 | D:11     | Mangled by a two-headed ogre

Levels and vault maps discovered:
D:1:      eino_arrival_water_star, layout_basic, grunt_decor_one_mirror,
          minmay_quantized
D:2:      layout_loops_ring, zin_academy, serial_forest,
          infiniplex_forest_fountain, infiniplex_forest_lined_3_way,
          infiniplex_forest_join, infiniplex_forest_lined_room_,
          infiniplex_forest_join, infiniplex_forest_end_3, trog_hazing_becter
D:3:      layout_basic
D:4:      layout_rooms, grunt_gozag_statues, gammafunk_temple_overflow_wave,
          lemuel_round_altar, minmay_temple_entry_offerings, serial_shops,
          shop_fountains, first_ration, minmay_misc_feat_hallway, uniq_grinder
D:5:      layout_basic, abandoned_shop, uniq_sigmund
D:6:      layout_basic, okawaru_metal_pillars_1_2, kennysheep_mini
D:7:      statuecave_lemuel, layout_basic, serial_bayou, serial_bayou_pond_e,
          serial_bayou_lake_a, serial_bayou_lagoon_a, serial_bayou_pond_d
D:8:      layout_gridville, makhleb_grotto_becter, lair_entry_dummy,
          vehumet_altar_wand_db
D:9:      layout_cross, grunt_pizzeria, uniq_harold
D:10:     layout_basic, eino_tiny_chamber, minivault_15
D:11:     layout_long_grid, david_orc_3, grunt_nemelex_the_gamble

Skill      XL: |  1  2  3  4  5  6  7  8  9 10 11 12 |
---------------+-------------------------------------+-----
Axes           | 3 4 5 6 8 9 11 12 | 12.4
Dodging        | 2 3 4 |  4.0
Shields        | 1 2 3 4 5 |  5.0
Fighting       | 4 5 7 8 10 | 10.9
Armour         | 3 4 5 6 8 |  8.0
Evocations     | 1 3 4 |  4.3

Action                   |  1- 3 |  4- 6 |  7- 9 | 10-12 || total
-------------------------+-------+-------+-------+-------++-------
Melee: Hand axe          |   262 |   209 |   574 |   688 ||  1733
       Dagger            |       |       |   103 |       ||   103
       Mace              |       |       |       |    40 ||    40
Invok: Berserk           |       |     5 |     9 |    11 ||    25
       Trog's Hand       |       |     4 |     3 |       ||     7
Evoke: Wand              |       |       |     4 |       ||     4
  Use: Potion            |       |     2 |       |       ||     2
       Scroll            |       |       |     7 |     3 ||    10
  Eat: Chunk             |     2 |     9 |    18 |    18 ||    47
       Ration            |       |       |     2 |     1 ||     3
Armor: Plate armour      |   104 |   161 |   319 |   435 ||  1019
Dodge: Dodged            |    20 |    14 |    57 |   101 ||   192
Block: Large shield      |   103 |   204 |   521 |   643 ||  1471
